 Dungeon Crawl Stone Soup version 0.30-a0-4-ga7cffc901d (webtiles) character file.

Game seed: 9462081546104748231

219 Setbun the Cutter (level 6, -1/35 HPs)
             Began as a Kobold Brigand on Aug 21, 2022.
             Slain by a black bear (3 damage)
             ... on level 4 of the Dungeon.
             The game lasted 00:02:39 (2227 turns).

Setbun the Cutter (Kobold Brigand)                  Turns: 2227, Time: 00:02:39

Health: -1/35      AC:  5    Str:  8    XL:     6   Next: 17%
Magic:  6/6        EV: 14    Int: 12    God:
Gold:   186        SH:  0    Dex: 19    Spells: 5/5 levels left

rFire   . . .      SeeInvis +    g - +4 dagger
rCold   . . .      Faith    .    (no shield)
rNeg    . . .      Spirit   .    b - +0 robe
rPois   .          Reflect  .    m - +1 helmet {SInv}
rElec   .          Harm     .    c - +0 cloak
rCorr   .          Rampage  .    (no gloves)
Will    .....                    (no boots)
Stlth   ++++......               (no amulet)
HPRegen 0.11/turn                (no ring)
MPRegen 0.10/turn                (no ring)

@: no status effects
A: small, no large weapons, nightstalker 3
a: no special abilities


You were on level 4 of the Dungeon.
You visited 1 branch of the dungeon, and saw 4 of its levels.

You collected 186 gold pieces.

Inventory:

Hand Weapons
 a - a +2 dagger
 g - a +4 dagger (weapon)
 j - a +2 dagger of holy wrath
Missiles
 d - 13 poisoned darts (quivered)
 e - 3 curare-tipped darts
Armour
 b - a +0 robe (worn)
 c - a +0 cloak (worn)
 m - a +1 helmet of see invisible (worn)
Jewellery
 p - a ring of fire
Wands
 r - a wand of flame (11)
Scrolls
 h - a scroll of poison {unknown}
 i - 3 scrolls of identify {unknown}
 n - a scroll of fog {unknown}
 o - 2 scrolls of immolation {unknown}
 t - a scroll of noise {unknown}
Potions
 f - 4 potions of curing {unknown}
 k - a potion of ambrosia {unknown}
 l - a potion of brilliance {unknown}
 q - a potion of mutation {unknown}
 s - 3 potions of heal wounds {unknown}
 u - a potion of resistance {unknown}


   Skills:
 - Level 2.1 Fighting
 * Level 7.9 Short Blades
 - Level 2.1 Throwing
 - Level 1.2 Dodging
 - Level 5.3 Stealth


You had 5 spell levels left.
You didn't know any spells.
Your spell library contained the following spells:

 Spells                   Type           Power      Damage    Failure   Level
 Ensorcelled Hibernation  Hex/Ice        0%         N/A       45%         2
 Passwall                 Tmut/Erth      0%         N/A       45%         2
 Stone Arrow              Conj/Erth      0%         3d7       69%         3
 Swiftness                Air            0%         N/A       69%         3
 Animate Armour           Summ/Erth      0%         N/A       97%         4
 Lehudib's Crystal Spear  Conj/Erth      0%         10d2      100%        8


Dungeon Overview and Level Annotations

Branches:
Dungeon (3/15)

Altars:


Innate Abilities, Weirdness & Mutations

You are small and have problems with some larger weapons.
You are completely attuned to the shadows.


Message History

Sorry, you're not good enough to have a special ability.
You hit the black bear.
The black bear is heavily wounded.
You hit the black bear.
The black bear is heavily wounded.
The black bear bites you but does no damage.
The black bear claws you. x2
You hit the black bear.
The black bear is severely wounded.
You closely miss the black bear.
The black bear is severely wounded.
The black bear goes berserk!
You closely miss the black bear.
The black bear is severely wounded.
The black bear closely misses you.
The black bear claws you but does no damage.
The black bear misses you.
You hit the black bear.
The black bear is severely wounded.
The black bear bites you!
* * * LOW HITPOINT WARNING * * *
The black bear claws you but does no damage.
The black bear misses you.
You hit the black bear.
The black bear is almost dead.
The black bear misses you. The black bear barely misses you.
The black bear claws you but does no damage.
You hit the black bear.
The black bear is almost dead.
The black bear bites you.
* * * LOW HITPOINT WARNING * * *
The black bear claws you.
* * * LOW HITPOINT WARNING * * *
The black bear claws you.
* * * LOW HITPOINT WARNING * * *
You hit the black bear.
The black bear is almost dead.
The black bear bites you but does no damage.
The black bear closely misses you. The black bear claws you.
You die...

###....###.
#........
####.#### ##'##
##...## .#
##.....## .#
#.......## .###
.........###....
.........'.@h...
.........####...
#.......## .#
##.....## #
##...##


You could see a black bear (berserk).

Vanquished Creatures
  Blork the orc (D:4)
  Jessica (D:2)
  An orc wizard (D:4)
  3 adders
  4 orcs (D:4)
  6 ball pythons
  6 bats
  11 endoplasms
  7 giant cockroaches
  A goblin (D:2)
  2 hobgoblins (D:2)
  4 jackals (D:2)
  10 kobolds
  2 frilled lizards (D:1)
  6 rats
65 creatures vanquished.

Notes
Turn   | Place    | Note
-------+----------+-------------------------------------------
     0 | D:1      | Setbun the Kobold Brigand began the quest for the Orb.
     0 | D:1      | Reached XP level 1. HP: 12/12 MP: 1/1
    57 | D:1      | Reached skill level 3 in Short Blades
    96 | D:1      | Found a faded altar of an unknown god.
   119 | D:1      | Reached XP level 2. HP: 17/17 MP: 2/2
   281 | D:1      | Reached skill level 4 in Short Blades
   467 | D:1      | Reached XP level 3. HP: 12/21 MP: 3/3
  1019 | D:2      | Noticed Jessica
  1028 | D:2      | Killed Jessica
  1029 | D:2      | Reached skill level 5 in Short Blades
  1029 | D:2      | Reached XP level 4. HP: 22/26 MP: 4/4
  1278 | D:2      | Identified the +10 whip of the Holding Gods {vorpal, rPois
                  | Str+2 SInv}
  1410 | D:2      | Reached skill level 6 in Short Blades
  1767 | D:3      | Reached XP level 5. HP: 30/30 MP: 5/5
  1810 | D:3      | You fall into a shaft and drop 1 floor!
  1855 | D:4      | Reached skill level 7 in Short Blades
  2166 | D:4      | Noticed Blork the orc
  2170 | D:4      | Killed Blork the orc
  2171 | D:4      | Reached XP level 6. HP: 35/35 MP: 6/6
  2212 | D:4      | Noticed a black bear
  2227 | D:4      | Slain by a black bear

Illustrated notes

Levels and vault maps discovered:
D:1:      tarquinn_simple_flora_water_e, layout_rooms,
          shapermc_ecumenical_altar_pompeii, serial_aquarium,
          aquarium_bridge_island_large [aquarium_subvault_large_4_pools,
          aquarium_subvault_window, aquarium_subvault_bridge,
          aquarium_subvault_window, aquarium_subvault_window],
          aquarium_window_corridor_3, aquarium_window_2, aquarium_window_2,
          aquarium_window_corner, aquarium_view_2f, aquarium_pool_four,
          chequers_serial_rivers_room_b
D:2:      layout_rooms, uniq_jessica
D:3:      layout_rooms
D:4:      layout_loops_corners, grunt_ministairs_1, uniq_blork_the_orc,
          uniq_menkaure

Skill      XL: |  1  2  3  4  5 |
---------------+----------------+-----
Short Blades   | 3 4 5 6 7 |  7.9
Fighting       | |  2.1
Throwing       | |  2.1
Dodging        | |  1.2
Stealth        | |  5.3

Action                   |  1- 3 |  4- 6 || total
-------------------------+-------+-------++-------
Melee: Dagger            |    61 |    84 ||   145
       Punch             |     1 |     2 ||     3
 Stab: Sleeping          |    10 |    23 ||    33
       Distracted        |       |     1 ||     1
Armor: Robe              |    18 |    16 ||    34
Dodge: Dodged            |    77 |    49 ||   126

Table legend: (Time is in decaauts)
 A = Elapsed time spent in this place.
 B = Non-inter-level travel time spent in this place.
 C = Inter-level travel time spent in this place.
 D = Time resting spent in this place.
 E = Time spent auto-exploring this place.
 F = Levels seen in this place.
 G = Mean time per level.
                   A        B        C        D        E       F      G
               +--------+--------+--------+--------+--------+-----+--------+
         Total |   2191 |   2096 |     95 |      0 |   1756 |   4 |  547.8 |
       Dungeon |   2191 |   2096 |     95 |      0 |   1756 |   4 |  547.8 |
               +--------+--------+--------+--------+--------+-----+--------+

Top non-repeatable levels by time:
     D:1: 1009 daAuts
     D:2: 654 daAuts
     D:4: 406 daAuts
     D:3: 120 daAuts
